 Dungeon Crawl Stone Soup version 0.19-a0-1081-g506d7b7 (webtiles) character file.

26 Kurtz the Chopper (level 2, -1/24 HPs)
             Began as a Mummy Berserker on Aug 7, 2016.
             Was a Believer of Trog.
             Slain by a crimson imp (3 damage)
             ... on level 2 of the Dungeon.
             The game lasted 00:00:55 (1249 turns).

Kurtz the Chopper (Mummy Berserker)                 Turns: 1249, Time: 00:00:55

Health: -1/24      AC:  4    Str: 20    XL:     2   Next: 89%
Magic:  2/2        EV: 12    Int:  6    God:    Trog [**....]
Gold:   26         SH:  0    Dex: 11    Spells: 0 memorised, 1 level left

rFire  x . .     SeeInvis .     a - +0 hand axe
rCold  + . .     Gourm    .     b - +0 animal skin
rNeg   + + +     Faith    .     (no shield)
rPois  ∞         Spirit   .     h - +1 helmet
rElec  .         Dismiss  .     (no cloak)
rCorr  .         Reflect  .     (no gloves)
SustAt .         Harm     .     (no boots)
MR     .....                    (no amulet)
Stlth  +.........               (no ring)
                                (no ring)

@:
A: no food or potions, fire vulnerability, cold resistance 1, negative energy
resistance 3, torment resistance, unbreathing
a: Trog's Hand, Burn Spellbooks, Renounce Religion


You were on level 2 of the Dungeon.
You worshipped Trog.
Trog was pleased with you.
You were not hungry.

You visited 1 branch of the dungeon, and saw 2 of its levels.

You collected 26 gold pieces.

Inventory:

Hand Weapons
 a - a +0 hand axe (weapon)
Missiles
 d - 7 javelins (quivered)
Armour
 b - a +0 animal skin (worn)
 h - a +1 helmet (worn)
Scrolls
 c - a scroll of identify {unknown}
 e - a scroll of immolation {unknown}
 f - a scroll of magic mapping {unknown}
 g - a scroll of enchant weapon {unknown}
 i - a scroll of blinking {unknown}
 j - a scroll of amnesia {unknown}


   Skills:
 - Level 3.0 Fighting
 * Level 3.4 Axes
 - Level 1.5 Armour
 - Level 1.5 Dodging


You had one spell level left.
You didn't know any spells.

Dungeon Overview and Level Annotations

Branches:
Dungeon (2/15)

Altars:
Gozag
Kikubaaqudgha
Makhleb


Innate Abilities, Weirdness & Mutations

You do not eat or drink.
Your flesh is vulnerable to fire.
You are immune to poison.
Your flesh is cold resistant. (rC+)
You are immune to negative energy. (rN+++)
You are immune to unholy pain and torment.
You can survive without breathing.


Message History

You are too injured to fight recklessly!
You are too injured to fight recklessly!
You are too injured to fight recklessly!
You are too injured to fight recklessly!
You are too injured to fight recklessly!
You are too injured to fight recklessly!
You are too injured to fight recklessly!
You are too injured to fight recklessly!
You are too injured to fight recklessly!
You barely miss the crimson imp. The crimson imp hits you.
* * * LOW HITPOINT WARNING * * *
The crimson imp hits you.
* * * LOW HITPOINT WARNING * * *
You hit the crimson imp but do no damage.
The crimson imp hits you but does no damage.
There is a stone staircase leading up here.
You hit the crimson imp.
The crimson imp is moderately wounded.
The crimson imp hits you.
You die...

#...#######.#...#..######
##.##### #........#
.......# #.#.(.##.#
##.###.# #.......!#
##.###.# ####.#####
##..##.# #.# ###.##.#
##'## # #.##.# ##...##
###.##.# ##...5@##
.......# ##.....>.##
###...####.........###.
.........+.........'...
_.....####.........####
..†..## ##.......##
.....# ##....######
⌠....# ##..##.≈≈≈# .....#
##'#.≈≈≈##


You could see a crimson imp.

Vanquished Creatures
  A worm (D:2)
  A giant gecko (D:1)
  A giant cockroach (D:2)
  3 goblins
  3 hobgoblins
  2 jackals (D:1)
  4 bats
  2 giant newts
  3 kobolds
  A rat (D:1)
21 creatures vanquished.

Notes
Turn   | Place    | Note
-------+----------+-------------------------------------------
     0 | D:1      | Kurtz the Mummy Berserker began the quest for the Orb.
     0 | D:1      | Reached XP level 1. HP: 18/18 MP: 1/1
   296 | D:1      | Reached XP level 2. HP: 24/24 MP: 2/2
   931 | D:2      | Reached ** piety under Trog
  1150 | D:2      | Found an opulent altar of Gozag.
  1153 | D:2      | Found an ancient bone altar of Kikubaaqudgha.
  1192 | D:2      | Found a burning altar of Makhleb.
  1192 | D:2      | Noticed a crimson imp
  1249 | D:2      | Slain by a crimson imp

Vault maps used:
D:1:      nicolae_arrival_washed_ashore
D:2:      makhleb_grotto_becter, grunt_temple_overflow_open, first_bread

Skill      XL: |  1  2 |
---------------+-------+-----
Axes           | 3 |  3.4
Fighting       | |  3.0
Armour         | |  1.5
Dodging        | |  1.5

Action                   || total
-------------------------++-------
Melee: Hand axe          ||   108
 Stab: Sleeping          ||     2
Armor: Animal skin       ||    37
Dodge: Dodged            ||    63
